[Event "Titled Tuesday Blitz September 27 Late 2022"]
[White "Lewtak, Damian"]
[Black "Gabrielian, Artur"]
[WhiteFideId "1141724"]
[BlackFideId "4131002"]
[WhiteElo "2329"]
[BlackElo "2467"]
[Result "1-0"]
[Round "11"]
[TimeControl "180+1"]
[Date "2022.09.27"]
[WhiteClock "0:00:31"]
[BlackClock "0:00:11"]

1. e4 c5 2. Nf3 d6 3. Bb5+ Nd7 4. O-O a6 5. Bd3 Ngf6 6. Re1 b5 7. c4 b4 8. a3 a5 9. axb4 cxb4 10. Bc2 e5 11. d4 exd4 12. Nxd4 Bb7 13. Ba4 Qe7 14. Bf4 Kd8 15. Nf5 Qe6 16. Nxd6 Bxd6 17. Bxd6 Nxe4 18. Bf4 Re8 19. Nd2 f5 20. f3 Qb6+ 21. Be3 Nec5 22. Bf2 Rxe1+ 23. Qxe1 Qe6 24. Bh4+ Kc8 25. Bxd7+ Kxd7 26. Qf2 Kc6 27. Re1 Qd6 28. Be7 Nd3 29. Qe3 Qd7 30. Nb3 f4 31. Nd4+ Kb6 32. Qxd3 Rc8 33. c5+ 1-0


[Site "https://www.chess.com"]

[Event "Titled Tuesday Blitz September 27 Late 2022"]
[White "Lin, Dachey"]
[Black "Namitbir Singh Walia"]
[WhiteFideId "2029650"]
[BlackFideId "35071068"]
[WhiteElo "2313"]
[BlackElo "1664"]
[Result "1-0"]
[Round "11"]
[TimeControl "180+1"]
[Date "2022.09.27"]
[WhiteClock "0:02:44"]
[BlackClock "0:01:42"]

1. g4 d5 2. Bg2 c6 3. g5 Bf5 4. d3 e6 5. e4 dxe4 6. dxe4 Qxd1+ 7. Kxd1 Bg4+ 8. f3 Bh5 9. Ne2 h6 10. h4 Bd6 11. Nf4 Bxf4 12. Bxf4 Bg6 13. Nd2 hxg5 14. hxg5 Rxh1+ 15. Bxh1 Nd7 16. Ke2 O-O-O 17. Nc4 Nb6 18. Nd6+ Kd7 19. Nxb7 Ra8 20. Rd1+ Ke8 21. b3 Ne7 22. Bg2 f6 23. Nd6+ Kf8 24. gxf6 gxf6 25. Bh3 e5 26. Bh6+ Kg8 27. Be6+ Kh7 28. Rh1 1-0


[Site "https://www.chess.com"]

[Event "Titled Tuesday Blitz September 27 Late 2022"]
[White "Martinez Alcantara, Jose Eduardo"]
[Black "Svane, Rasmus"]
[WhiteFideId "3805662"]
[BlackFideId "4657101"]
[WhiteElo "2703"]
[BlackElo "2674"]
[Result "1-0"]
[Round "11"]
[TimeControl "180+1"]
[Date "2022.09.27"]
[WhiteClock "0:01:37"]
[BlackClock "0:00:45"]

1. e4 c6 2. d4 d5 3. e5 Bf5 4. h4 h5 5. Bd3 Bxd3 6. Qxd3 Qa5+ 7. b4 Qa6 8. e6 Qxd3 9. cxd3 Nh6 10. Bxh6 gxh6 11. exf7+ Kxf7 12. Nd2 Nd7 13. Ngf3 e5 14. dxe5 Bxb4 15. Rb1 c5 16. a3 Bxd2+ 17. Kxd2 b6 18. Rhe1 Rhg8 19. e6+ Ke7 20. exd7+ Kxd7 21. Ne5+ Kc7 22. g3 Raf8 23. Re2 Rf5 24. d4 c4 25. a4 Rf6 26. Ke1 a6 27. Re3 Rgf8 28. f4 Rg8 29. Kf2 Rg7 30. Nf3 Kc6 31. Ng1 b5 32. axb5+ axb5 33. Ra3 Rb7 34. Ne2 Rb6 35. Ra5 b4 36. Rc5+ Kb7 37. Rxd5 c3 38. Rc5 Rfc6 39. Rxc6 Kxc6 40. Nxc3 bxc3 41. Rxb6+ Kxb6 42. Ke3 Kb5 43. Kd3 Kb4 44. Kc2 Kc4 45. f5 1-0


[Site "https://www.chess.com"]

[Event "Titled Tuesday Blitz September 27 Late 2022"]
[White "Matinian, Nikita"]
[Black "Ibarra Jerez, Jose Carlos"]
[WhiteFideId "24129100"]
[BlackFideId "2226332"]
[WhiteElo "2422"]
[BlackElo "2627"]
[Result "0-1"]
[Round "11"]
[TimeControl "180+1"]
[Date "2022.09.27"]
[WhiteClock "0:00:04"]
[BlackClock "0:00:05"]

1. e4 Nc6 2. Nc3 d6 3. d4 Nf6 4. d5 Nb8 5. Nf3 g6 6. h3 Bg7 7. Bf4 O-O 8. Qd2 c6 9. Bh6 cxd5 10. exd5 Nbd7 11. Bxg7 Kxg7 12. O-O-O Nc5 13. Re1 Bd7 14. h4 h5 15. Ng5 Rc8 16. f3 b5 17. Qd4 b4 18. Qxb4 Rb8 19. Qa3 a5 20. Bc4 Rb4 21. b3 Re8 22. Re3 Qb6 23. Rhe1 Ng8 24. Qb2 f6 25. Nge4 Rb8 26. Qa1 Nxe4 27. Nxe4 Kf7 28. a3 Rxc4 29. bxc4 Rc8 30. c5 dxc5 31. d6 exd6 32. Nxf6 d5 33. Nxd7 Qd6 34. Ne5+ Kf8 35. Nd3 d4 36. Re6 Qg3 37. Nxc5 Qf4+ 38. Kd1 Rxc5 39. R6e4 Qf5 40. Qb2 Nf6 41. Qb8+ Rc8 42. Qd6+ Kg7 43. Qf4 Nxe4 44. Qxe4 Qc5 45. Qe7+ Qxe7 46. Rxe7+ Kf6 47. Re4 Rc3 48. Rxd4 Rxa3 49. Kd2 Ra1 50. Rd6+ Kf5 51. Ra6 a4 52. Ke3 a3 53. Ra5+ Kf6 54. Kf4 Ke6 55. c4 Kd6 56. c5+ Kc6 57. g3 Kd5 58. Kg5 Rg1 59. g4 hxg4 60. fxg4 Rg3 61. Kf4 Rh3 62. Rxa3 Rxa3 63. Kg5 Ra4 64. h5 gxh5 65. gxh5 Ke6 66. Kg6 Rg4+ 67. Kh7 Kf7 68. h6 Rg6 0-1


[Site "https://www.chess.com"]

[Event "Titled Tuesday Blitz September 27 Late 2022"]
[White "Melkumyan, Hrant"]
[Black "Lazavik, Denis"]
[WhiteFideId "13302485"]
[BlackFideId "13515110"]
[WhiteElo "2604"]
[BlackElo "2437"]
[Result "1/2-1/2"]
[Round "11"]
[TimeControl "180+1"]
[Date "2022.09.27"]
[WhiteClock "0:00:06"]
[BlackClock "0:00:10"]

1. Nf3 d5 2. e3 Nf6 3. c4 e6 4. Nc3 Be7 5. b3 O-O 6. Bb2 c5 7. cxd5 exd5 8. d4 Nc6 9. Be2 Ne4 10. O-O Bf6 11. Na4 Bg4 12. dxc5 Bxb2 13. Nxb2 Nc3 14. Qd2 Nxe2+ 15. Qxe2 Ne5 16. Nd3 Nxf3+ 17. gxf3 Bh3 18. Kh1 Bxf1 19. Rxf1 Qf6 20. Rg1 g6 21. Rg4 Rfe8 22. Rf4 Qc3 23. Kg2 Re6 24. b4 Rae8 25. a4 Rf6 26. Rg4 b6 27. Qb2 Qxb2 28. Nxb2 bxc5 29. bxc5 Rb8 30. Nd3 Ra6 31. Rd4 Rb3 32. Rxd5 Rxa4 33. Ne5 Rc3 34. c6 Kf8 35. Rd7 Ke8 36. c7 Ra5 37. Rd8+ Ke7 38. Nxg6+ hxg6 39. c8=Q Rxc8 40. Rxc8 Ra2 41. f4 Kf6 42. Rc6+ Kg7 43. Rc5 a5 44. h4 a4 45. h5 a3 46. hxg6 Kxg6 47. Rg5+ Kf6 48. Ra5 Ke6 49. Kf3 Ra1 50. e4 a2 51. Ra6+ Ke7 52. Ra7+ Kf8 53. Ra6 Ke7 54. Ra8 f6 55. Ra6 Kf7 56. Ra7+ Kf8 57. Ra8+ Kf7 58. Ra3 Kf8 59. Ra5 Kf7 60. f5 Kf8 61. Kf4 Kf7 62. Ra6 Ke7 63. Ra7+ Kf8 64. Kf3 Ke8 65. Ke2 Kf8 66. Ra8+ Ke7 67. Ra7+ Kf8 68. Ra5 Ke7 69. Ra4 Kf8 70. Kf3 Ke7 71. Kg2 Kf8 72. Ra6 Ke7 73. Ra7+ Kf8 74. f3 Ke8 75. Kh2 Kf8 76. Kg2 Ke8 77. f4 Re1 78. Rxa2 Rxe4 79. Kf3 Rb4 80. Kg4 Kf7 81. Ra7+ Kf8 82. Kh5 Rxf4 83. Kg6 Rb4 84. Ra8+ Ke7 85. Ra7+ Kf8 86. Rf7+ Kg8 87. Rc7 Kf8 88. Rc6 Ke7 89. Ra6 Rc4 90. Re6+ Kf8 91. Kxf6 Ra4 92. Rb6 Kg8 93. Kg6 Rg4+ 94. Kf6 Rg1 95. Ke7 Re1+ 96. Re6 Ra1 97. Rg6+ Kh7 98. Rg2 Ra7+ 99. Ke6 Ra6+ 100. Kf7 Ra7+ 101. Kf8 Ra8+ 102. Ke7 Ra7+ 103. Kd6 Ra6+ 104. Ke5 Ra5+ 105. Kf4 Ra4+ 106. Ke3 Ra5 107. Ke4 Ra4+ 108. Ke5 Ra5+ 109. Kf4 Ra4+ 110. Kg5 Kg7 111. Rh2 Ra6 112. Rb2 Kg8 113. Rb7 Rc6 114. Re7 Ra6 115. Kf4 Rc6 116. Ke5 Ra6 117. Re6 Ra5+ 118. Kf6 Ra1 119. Rc6 Ra2 120. Rc8+ Kh7 121. Re8 Ra6+ 122. Kf7 Ra7+ 123. Re7 Ra1 124. f6 Ra8 125. Rd7 Kh6 126. Rd6 Kh7 127. Re6 Ra7+ 128. Re7 Ra8 129. Ke6+ Kg6 130. Rg7+ Kh6 131. Rg2 Ra6+ 132. Ke5 Ra5+ 133. Kd4 Ra4+ 134. Kd5 Ra5+ 135. Ke4 Ra4+ 136. Ke5 Ra5+ 137. Kf4 Ra4+ 138. Kf5 Ra5+ 139. Ke6 Ra6+ 140. Ke7 Ra7+ 141. Kd8 Ra8+ 142. Kc7 Rf8 143. Rf2 Kg6 144. Kd6 Rxf6+ 145. Rxf6+ Kxf6 1/2-1/2


[Site "https://www.chess.com"]

[Event "Titled Tuesday Blitz September 27 Late 2022"]
[White "Mikhailov, Viacheslav"]
[Black "Koellner, Ruben Gideon"]
[WhiteFideId "4187369"]
[BlackFideId "12993093"]
[WhiteElo "2381"]
[BlackElo "2286"]
[Result "1-0"]
[Round "11"]
[TimeControl "180+1"]
[Date "2022.09.27"]
[WhiteClock "0:00:10"]
[BlackClock "0:00:01"]

1. Nf3 Nf6 2. g3 d5 3. Bg2 Nbd7 4. O-O e5 5. c4 c6 6. cxd5 cxd5 7. d3 Bd6 8. Nc3 a6 9. Bg5 h6 10. Bxf6 Nxf6 11. Nd2 Be6 12. Qb3 d4 13. Nd5 Rb8 14. Nxf6+ Qxf6 15. Bd5 Ke7 16. Ne4 Bxd5 17. Qxd5 Qe6 18. Qa5 Rhc8 19. Rfc1 f5 20. Nd2 Kf6 21. Nf3 g5 22. Qb6 Be7 23. Qa5 g4 24. Nh4 Kf7 25. Rc7 b6 26. Rxc8 Rxc8 27. Qxa6 Bxh4 28. gxh4 Rc2 29. Qb7+ Kg6 30. a4 Rxe2 31. Rc1 Kh5 32. b4 Kxh4 33. Kf1 Rb2 34. Qg7 1-0


[Site "https://www.chess.com"]

[Event "Titled Tuesday Blitz September 27 Late 2022"]
[White "Mohammadian, Mohammad"]
[Black "Joubert, Dantelle"]
[WhiteFideId "12566055"]
[BlackFideId "14310813"]
[WhiteElo "1489"]
[BlackElo "1507"]
[Result "0-1"]
[Round "11"]
[TimeControl "180+1"]
[Date "2022.09.28"]
[WhiteClock "0:00:17"]
[BlackClock "0:00:18"]

1. e4 e5 2. Nf3 Nc6 3. Bb5 Nf6 4. O-O Nxe4 5. Re1 Nd6 6. Bxc6 dxc6 7. Nxe5 Be7 8. Nf3 O-O 9. h3 Bf5 10. d4 Bf6 11. c3 Re8 12. Be3 Nc4 13. Qb3 b5 14. Nbd2 Nxd2 15. Nxd2 Qd5 16. Qxd5 cxd5 17. Nf3 Be4 18. Nd2 Bf5 19. Nb3 Be7 20. Nd2 Bd6 21. Nf3 Re7 22. Nh2 Rae8 23. Nf1 Bd3 24. Nd2 f5 25. Nf3 Be4 26. Bd2 Bxf3 27. gxf3 Rxe1+ 28. Rxe1 Rxe1+ 29. Bxe1 Kf7 30. Kg2 h6 31. b3 Bf4 32. h4 c6 33. a4 a6 34. axb5 cxb5 35. b4 Kg6 36. Kh3 Kh5 37. Kg2 Kxh4 38. Kf1 Kg5 39. Ke2 Kf6 40. Bd2 Bxd2 41. Kxd2 Kg5 42. Ke2 Kf4 43. Kf1 Kxf3 44. Kg1 g5 45. Kh2 h5 46. Kg1 h4 47. Kf1 g4 48. Kg1 f4 49. Kf1 g3 50. fxg3 fxg3 51. Kg1 h3 52. Kh1 Ke3 53. Kg1 Kd3 54. Kf1 Kd2 55. Kg1 Kxc3 56. Kf1 Kd2 57. Kg1 Kd3 58. Kf1 Kxd4 59. Kg1 Ke4 60. Kf1 Ke3 61. Kg1 d4 62. Kf1 d3 63. Kg1 d2 64. Kf1 d1=Q# 0-1


[Site "https://www.chess.com"]

[Event "Titled Tuesday Blitz September 27 Late 2022"]
[White "Murtazin, Ruslan"]
[Black "D`Arruda, Ricardo D."]
[WhiteFideId "24175960"]
[BlackFideId "100692"]
[WhiteElo "2212"]
[BlackElo "2428"]
[Result "1-0"]
[Round "11"]
[TimeControl "180+1"]
[Date "2022.09.28"]
[WhiteClock "0:00:06"]
[BlackClock "0:00:09"]

1. e4 c5 2. Nf3 Nc6 3. d4 cxd4 4. Nxd4 e5 5. Nb5 a6 6. Nd6+ Bxd6 7. Qxd6 Qe7 8. Qd3 Nf6 9. Nc3 d6 10. Bg5 Be6 11. a3 O-O 12. Be2 Rfd8 13. Rd1 h6 14. Bxf6 Qxf6 15. O-O Rac8 16. Qg3 Nd4 17. Bd3 Bc4 18. f4 Bxd3 19. Qxd3 Qe6 20. Rf2 f6 21. Nd5 Rc6 22. c3 Nb3 23. Qg3 Kh8 24. Qg6 Rf8 25. Rf3 Nc5 26. Rh3 Qf7 27. Qf5 Qe6 28. Qxe6 Nxe6 29. fxe5 dxe5 30. Ne7 Nf4 31. Rf3 Rc7 32. Nf5 Rc4 33. g3 Ne6 34. Nd6 Rc7 35. Rfd3 Kh7 36. h4 Rd8 37. Kf2 Rcd7 38. Ke3 Nc5 39. Rd5 b6 40. Nc4 Rxd5 41. Rxd5 Rxd5 42. exd5 Nd7 43. h5 g6 44. g4 f5 45. gxf5 gxf5 46. Nd6 f4+ 47. Ke4 Kg7 48. Kf5 f3 49. Ne4 Kf7 50. c4 a5 51. b4 axb4 52. axb4 Ke7 53. Nf2 Kf7 54. Ke4 Kf6 55. Kxf3 Kg5 56. Ne4+ Kxh5 57. c5 bxc5 58. bxc5 Kg6 59. c6 Nb6 60. d6 Kf7 61. d7 Ke7 62. Nc5 Kd8 63. Ke4 Nxd7 64. cxd7 h5 65. Kxe5 h4 66. Kd6 h3 67. Ne6# 1-0


[Site "https://www.chess.com"]

[Event "Titled Tuesday Blitz September 27 Late 2022"]
[White "Noboa Silva, Kevin"]
[Black "Goltsev, Dmitry"]
[WhiteFideId "3618471"]
[BlackFideId "24176710"]
[WhiteElo "2172"]
[BlackElo "2257"]
[Result "1-0"]
[Round "11"]
[TimeControl "180+1"]
[Date "2022.09.28"]
[WhiteClock "0:00:30"]
[BlackClock "0:00:07"]

1. d4 Nf6 2. c4 e6 3. Nc3 Bb4 4. a3 Bxc3+ 5. bxc3 b6 6. f3 Bb7 7. e4 d6 8. Bd3 e5 9. Ne2 Nbd7 10. O-O O-O 11. f4 a5 12. Ng3 Re8 13. fxe5 dxe5 14. d5 Nc5 15. Bg5 Ncd7 16. Nh5 Kh8 17. Qf3 Qe7 18. Qh3 Rg8 19. Rf3 Raf8 20. Raf1 Bc8 21. Qh4 Qc5+ 22. Be3 Qxa3 23. Nxf6 gxf6 24. Rh3 Rg7 25. Bh6 Rfg8 26. Bxg7+ Rxg7 27. Be2 Qb2 28. Bg4 a4 29. Rg3 Nf8 30. Bxc8 Ng6 31. Qxf6 a3 32. Qf2 Qb3 33. Ra1 Kg8 34. h3 h5 35. Bf5 Kh7 36. Bxg6+ fxg6 37. Rf3 Kh6 38. Qd2+ g5 39. Rf6+ Kh7 40. Rf5 g4 41. Rxh5+ Kg8 42. hxg4 Rxg4 43. Rg5+ Rxg5 44. Qxg5+ Kf7 45. Rf1+ Ke8 46. Qg6+ Kd7 47. Qe6+ Kd8 48. Rf8# 1-0


[Site "https://www.chess.com"]

[Event "Titled Tuesday Blitz September 27 Late 2022"]
[White "Ovezdurdyyeva, Jemal"]
[Black "Moaataz, Ayah"]
[WhiteFideId "14001888"]
[BlackFideId "10615873"]
[WhiteElo "1946"]
[BlackElo "1993"]
[Result "1-0"]
[Round "11"]
[TimeControl "180+1"]
[Date "2022.09.28"]
[WhiteClock "0:00:21"]
[BlackClock "0:00:26"]

1. e4 c6 2. d4 d5 3. Nc3 dxe4 4. Nxe4 Bf5 5. Ng3 Bg6 6. h4 h6 7. Nf3 Nd7 8. Bd3 Bxd3 9. Qxd3 Ngf6 10. O-O e6 11. c4 Bd6 12. Qb3 Rb8 13. Re1 O-O 14. Ne2 c5 15. d5 exd5 16. cxd5 Nb6 17. Nc3 c4 18. Qc2 Bc5 19. Rd1 Ng4 20. Ne4 Rc8 21. d6 Nd7 22. Nxc5 Rxc5 23. Qe4 Qb6 24. Qxg4 h5 25. Qg3 Rf5 26. Bh6 Qxb2 27. Rab1 Qf6 28. Bg5 Qg6 29. Rxb7 Nc5 30. Rxa7 Ne4 31. Qh3 f6 32. d7 Rd8 33. Be3 c3 34. Nd4 Rd5 35. Qe6+ Qf7 36. Qxe4 R5xd7 37. Rxd7 Qxd7 38. Rc1 Rc8 39. Qe6+ Qxe6 40. Nxe6 c2 41. Nd4 f5 42. Rxc2 Rb8 43. Nxf5 Rb1+ 44. Kh2 g6 45. Ne7+ Kf7 46. Nd5 Ke6 47. Nf4+ Kf5 48. Rc5+ Ke4 49. Nxg6 Rh1+ 50. Kxh1 Kd3 51. Rxh5 Ke2 52. Rg5 Kf1 53. Ba7 Ke2 54. f4 Kf1 55. f5 Ke2 56. g4 Kf1 57. h5 Ke2 58. h6 Kf1 59. h7 Ke2 60. h8=Q Kf3 61. Qc3+ Ke2 62. Qe3+ Kd1 63. Qf2 Kc1 64. Ne5 Kb1 65. Nc4 Kc1 66. Qd2+ Kb1 67. Qb2# 1-0


[Site "https://www.chess.com"]

[Event "Titled Tuesday Blitz September 27 Late 2022"]
[White "Ozalp, Burak"]
[Black "Hemam, Moulaye Brahim"]
[WhiteFideId "6314210"]
[BlackFideId "19600054"]
[WhiteElo "1854"]
[BlackElo "2088"]
[Result "0-1"]
[Round "11"]
[TimeControl "180+1"]
[Date "2022.09.28"]
[WhiteClock "0:00:14"]
[BlackClock "0:00:38"]

1. Nf3 Nf6 2. g3 g6 3. Bg2 Bg7 4. O-O O-O 5. d3 d6 6. c4 c5 7. Nbd2 Nc6 8. Rb1 Rb8 9. a3 Bg4 10. b4 cxb4 11. axb4 a6 12. b5 axb5 13. Rxb5 Na7 14. Rb1 b5 15. Bb2 bxc4 16. Nxc4 Nc6 17. Qd2 Nb4 18. Rfc1 d5 19. Ne3 Bxf3 20. Bxf3 e6 21. Bxf6 Qxf6 22. Rxb4 Rbd8 23. Rb7 Qg5 24. Rcc7 Bh6 25. Qb4 Bg7 26. Qf4 Qxf4 27. gxf4 Bh6 28. Ng2 Ra8 29. h3 Ra4 30. e3 d4 31. e4 Ra3 32. Be2 Ra1+ 33. Kh2 Ra2 34. Bg4 Rxf2 35. Kg3 Rd2 36. Bxe6 fxe6 37. Rxh7 Rxd3+ 38. Kg4 Rd2 39. Kg3 Rd3+ 40. Kf2 Rd2+ 41. Kf3 Rd3+ 42. Ke2 Rg3 43. Kf2 Rxh3 44. Rbe7 d3 45. Rd7 d2 46. Ke2 Rh2 47. Rxh6 Rxh6 48. Rxd2 Rh2 49. Kf3 e5 50. Kg3 Rh7 51. fxe5 Re7 52. Rd5 Rfe8 53. Kf4 g5+ 54. Kf5 Rf7+ 55. Kxg5 Rg7+ 56. Kf5 Rxg2 57. e6 Rf2+ 58. Ke5 Rh2 59. Rd7 Rh7 60. Rxh7 Kxh7 61. Kd6 Kg8 62. Kd7 Kf8 63. e5 Re7+ 64. Kd6 Ke8 65. Kd5 Ra7 66. Kd6 Ra6+ 67. Kd5 Ke7 68. Ke4 Kxe6 0-1


[Site "https://www.chess.com"]

[Event "Titled Tuesday Blitz September 27 Late 2022"]
[White "Ozen, Bahadir"]
[Black "Richter, Paul"]
[WhiteFideId "6337058"]
[BlackFideId "2046350"]
[WhiteElo "2503"]
[BlackElo "2580"]
[Result "1/2-1/2"]
[Round "11"]
[TimeControl "180+1"]
[Date "2022.09.28"]
[WhiteClock "0:00:13"]
[BlackClock "0:00:07"]

1. g3 Nf6 2. Bg2 g6 3. Nf3 Bg7 4. O-O O-O 5. d3 d6 6. e4 e5 7. Nbd2 a5 8. a4 c6 9. c3 Nbd7 10. Re1 Nc5 11. Qc2 Qc7 12. b4 axb4 13. cxb4 Ne6 14. Bb2 c5 15. b5 b6 16. Nc4 Nd7 17. Qb3 Bb7 18. Ne3 Nd4 19. Qc4 Rfc8 20. Ra2 Nf8 21. Nd5 Bxd5 22. Qxd5 Nc2 23. Rc1 Nb4 24. Qc4 Nxa2 25. Qxa2 Bh6 26. Rc4 Ne6 27. Bh3 Re8 28. Bc1 Bxc1 29. Rxc1 Nd4 30. Nxd4 exd4 31. f4 Ra7 32. Bg4 Qe7 33. Bd1 Kg7 34. Bb3 f5 35. Bd5 fxe4 36. dxe4 Qf6 37. Qc4 Rae7 38. Re1 h5 39. Kg2 h4 40. a5 bxa5 41. b6 hxg3 42. hxg3 Rh8 43. b7 Ree8 44. Qb5 d3 45. Qxd3 Qb2+ 46. Re2 Qa1 47. e5 Qh1+ 48. Kf2 Rh2+ 49. Ke3 Qc1+ 50. Kf3 Qf1+ 51. Ke3 Rxe2+ 52. Qxe2 Qxe2+ 53. Kxe2 dxe5 54. Bc6 Rb8 55. fxe5 a4 56. Kd3 a3 57. Kc2 c4 58. Bd5 Kf8 59. Kc3 Ke7 60. g4 g5 61. Kc2 Kd7 62. Kb1 c3 63. Kc2 a2 64. e6+ Kd6 65. Bxa2 Rxb7 66. Kxc3 Ra7 67. Bb3 Ra1 68. Bc2 Rg1 69. Bf5 Rg3+ 70. Kd4 Rg1 71. Ke4 Re1+ 72. Kd4 Ke7 73. Kd5 Kf6 74. Kd4 Rd1+ 75. Ke4 Re1+ 76. Kd4 Rd1+ 77. Ke4 Re1+ 78. Kd4 1/2-1/2


[Site "https://www.chess.com"]

[Event "Titled Tuesday Blitz September 27 Late 2022"]
[White "Petrosyan, Manuel"]
[Black "Timmermans, Mark"]
[WhiteFideId "13300857"]
[BlackFideId "1026399"]
[WhiteElo "2592"]
[BlackElo "2460"]
[Result "1-0"]
[Round "11"]
[TimeControl "180+1"]
[Date "2022.09.27"]
[WhiteClock "0:01:00"]
[BlackClock "0:00:20"]

1. b3 d5 2. Bb2 Bg4 3. Qc1 Bh5 4. e3 c6 5. Ne2 Nd7 6. Nf4 Bg6 7. d4 e6 8. Nd2 Bd6 9. Nxg6 hxg6 10. g3 Ngf6 11. Bg2 Qe7 12. c4 O-O 13. O-O Rfc8 14. e4 Bb4 15. e5 Nh7 16. Rd1 Rab8 17. Nf1 b5 18. c5 Ba5 19. f4 Bd8 20. Ne3 a5 21. Qc2 a4 22. b4 Ndf8 23. Rf1 f6 24. Rae1 f5 25. h4 Kf7 26. a3 Ke8 27. Bh3 Kd7 28. h5 Kc7 29. hxg6 Nxg6 30. Nxf5 exf5 31. Bxf5 Ngf8 32. Bxh7 g6 33. Bxg6 Qg7 34. Bf5 Qxg3+ 35. Qg2 Bh4 36. Qxg3 Bxg3 37. Re3 1-0


[Site "https://www.chess.com"]

[Event "Titled Tuesday Blitz September 27 Late 2022"]
[White "Preotu, Razvan"]
[Black "Pinero Rodriguez, Carlos Jose"]
[WhiteFideId "2613280"]
[BlackFideId "3901726"]
[WhiteElo "2407"]
[BlackElo "2053"]
[Result "0-1"]
[Round "11"]
[TimeControl "180+1"]
[Date "2022.09.27"]
[WhiteClock "0:00:51"]
[BlackClock "0:02:02"]

1. e4 c5 2. Nf3 e6 3. c3 Nf6 4. e5 Nd5 5. d4 cxd4 6. cxd4 b6 7. Bd2 Bb7 8. Nc3 Nxc3 9. Bxc3 Nc6 10. Bc4 Rc8 11. d5 Nb4 12. Bb3 Nxd5 13. Bd2 Be7 14. O-O O-O 15. Qe2 a6 16. Nd4 b5 17. a4 Qb6 18. Qg4 f5 19. exf6 Nxf6 20. Qh4 Ne4 21. Qxe7 Nxd2 22. Bxe6+ dxe6 23. Nxe6 Rf7 0-1


[Site "https://www.chess.com"]

[Event "Titled Tuesday Blitz September 27 Late 2022"]
[White "Quesada Perez, Yuniesky"]
[Black "Zochowski, Kacper"]
[WhiteFideId "3504409"]
[BlackFideId "1125494"]
[WhiteElo "2599"]
[BlackElo "2214"]
[Result "1/2-1/2"]
[Round "11"]
[TimeControl "180+1"]
[Date "2022.09.28"]
[WhiteClock "0:00:05"]
[BlackClock "0:00:15"]

1. d4 d6 2. c4 Nd7 3. Nf3 e5 4. Nc3 Ngf6 5. g3 Be7 6. Bg2 O-O 7. O-O c6 8. Qc2 Qc7 9. Rd1 Re8 10. e4 Bf8 11. h3 a6 12. b3 b6 13. Bb2 Bb7 14. Rac1 Rac8 15. d5 c5 16. a3 g6 17. Rb1 Bg7 18. Bc1 Nh5 19. Be3 Rf8 20. Qe2 h6 21. Nd2 Nf4 22. gxf4 exf4 23. Bxf4 Bxc3 24. Bxh6 Bg7 25. Bxg7 Kxg7 26. f4 Qd8 27. Rf1 Qh4 28. Qe3 Rce8 29. Nf3 Qg3 30. Rbe1 Rh8 31. Ng5 Qxe3+ 32. Rxe3 b5 33. Rfe1 Rh4 34. Rf3 Bc8 35. Bf1 Rh5 36. cxb5 axb5 37. Bxb5 Re7 38. Rfe3 Nb6 39. Kg2 f6 40. Ne6+ Bxe6 41. dxe6 Rxe6 42. a4 g5 43. f5 Re5 44. Rd1 Nc8 45. Bd7 Rh8 46. Bxc8 Rxc8 47. Rxd6 c4 48. Rd7+ Kh6 49. Rf7 c3 50. Rxf6+ Kh7 51. Re1 c2 52. Rc1 Rxe4 53. Rd6 Re3 54. Rd2 Rec3 55. b4 Kg7 56. b5 Kf6 57. Rf2 R8c4 58. b6 Rxa4 59. Rfxc2 Rxc2+ 60. Rxc2 Rb4 61. Rc6+ Kxf5 62. Kg3 Rb3+ 63. Kg2 Rb2+ 64. Kg3 Rb3+ 65. Kg2 Rb2+ 66. Kf1 Rb3 67. Ke2 Kf4 68. Rc4+ Kg3 69. Rg4+ Kxh3 70. Rxg5 Rxb6 71. Kf3 Rb3+ 72. Kf4 Rb4+ 73. Kf5 Rb5+ 74. Kf6 Rxg5 75. Kxg5 1/2-1/2


[Site "https://www.chess.com"]

[Event "Titled Tuesday Blitz September 27 Late 2022"]
[White "Rego, Pedro Filipe"]
[Black "Toniutti, Ezio"]
[WhiteFideId "1904310"]
[BlackFideId "113034"]
[WhiteElo "2125"]
[BlackElo "2215"]
[Result "1-0"]
[Round "11"]
[TimeControl "180+1"]
[Date "2022.09.28"]
[WhiteClock "0:00:04"]
[BlackClock "0:00:02"]

1. c4 c6 2. d4 d5 3. Nf3 Nf6 4. e3 Bf5 5. Bd3 Bxd3 6. Qxd3 e6 7. O-O Nbd7 8. b3 Bb4 9. Bb2 O-O 10. Nc3 a5 11. a3 Bxc3 12. Bxc3 a4 13. b4 Ne4 14. c5 f5 15. b5 Qc7 16. Rab1 Rfb8 17. bxc6 bxc6 18. Rxb8+ Rxb8 19. Bb4 Qb7 20. g3 h6 21. Kg2 Qb5 22. Qxb5 Rxb5 23. Ne1 Nb8 24. Nd3 Nd7 25. Nb2 Nb8 26. Nxa4 Na6 27. Nb2 Nxb4 28. axb4 Rxb4 29. Nd3 Ra4 30. Ne5 Ra6 31. Rb1 Ra2 32. Nxc6 Nxf2 33. Nb4 Rd2 34. Kf1 Ng4 35. Ke1 Rxh2 36. Rb3 Rh1+ 37. Kd2 Rh2+ 38. Kc1 Rh1+ 39. Kb2 Rh2+ 40. Ka3 Nf6 41. c6 Ne8 42. Nd3 Rc2 43. Ne5 Kh7 44. Rb8 Nd6 45. Kb3 Rc1 46. Kb2 Re1 47. Rd8 Nb5 48. Rb8 Nd6 49. c7 Rxe3 50. Rd8 Re2+ 51. Kb3 Re3+ 52. Kb4 Re4 53. Rxd6 Rxd4+ 54. Kc5 Rd1 55. Kb6 Rb1+ 56. Ka7 Ra1+ 57. Kb8 Rb1+ 58. Kc8 g5 59. Kd8 Rc1 60. Rc6 Re1 61. Nd7 d4 62. c8=Q d3 63. Nc5 d2 64. Qd7+ Kg6 65. Qxd2 Re5 66. Qd6 1-0


[Site "https://www.chess.com"]

[Event "Titled Tuesday Blitz September 27 Late 2022"]
[White "Romanchuk, Viktor"]
[Black "Christiansen, Johan-Sebastian"]
[WhiteFideId "14109271"]
[BlackFideId "1512668"]
[WhiteElo "2242"]
[BlackElo "2513"]
[Result "1-0"]
[Round "11"]
[TimeControl "180+1"]
[Date "2022.09.27"]
[WhiteClock "0:00:04"]
[BlackClock "0:00:13"]

1. d4 d6 2. c4 Nf6 3. Nc3 g6 4. Nf3 Bg7 5. g3 O-O 6. Bg2 Nc6 7. O-O Bg4 8. h3 Bf5 9. Ne1 e5 10. d5 Ne7 11. e4 Bc8 12. Nd3 Nd7 13. Kh2 a5 14. Be3 b6 15. Qc2 f5 16. f4 Nc5 17. fxe5 Nxd3 18. Qxd3 Bxe5 19. Bd4 f4 20. Bxe5 dxe5 21. gxf4 exf4 22. e5 Nf5 23. Rxf4 Qg5 24. Raf1 Bd7 25. Ne4 Qe7 26. e6 Be8 27. Ng3 Rd8 28. Nxf5 gxf5 29. Rxf5 Bg6 30. Rxf8+ Rxf8 31. Rxf8+ Qxf8 32. Qg3 Qc5 33. b3 Kf8 34. Qf4+ Ke7 35. Kg3 Ke8 36. h4 Qe7 37. Bf3 Kd8 38. Qg5 Bb1 39. Qxe7+ Kxe7 40. Kf4 Bxa2 41. Bd1 Bb1 42. Ke5 Bd3 43. Kd4 Bb1 44. Kc3 c6 45. Bc2 Bxc2 46. Kxc2 b5 47. Kc3 b4+ 48. Kd4 Kd6 49. h5 c5+ 50. Ke4 h6 51. Ke3 Ke7 52. Kd3 Kd6 53. Ke4 Kc7 54. Ke5 a4 55. d6+ Kc6 56. d7 Kc7 57. Kf6 axb3 58. Ke7 b2 59. d8=Q+ Kc6 60. Qd1 Kb7 61. Qb3 Kc6 62. Qxb2 Kc7 63. Qb3 Kc6 64. Kf7 Kd6 65. e7 Ke5 66. e8=Q+ Kd6 67. Qf8+ Kc7 68. Qxh6 Kb7 69. Qg6 Ka8 70. h6 Kb7 71. h7 Ka8 72. h8=Q+ Kb7 73. Qhg7 Kc7 74. Kf6+ Kb8 75. Qe8# 1-0


[Site "https://www.chess.com"]

[Event "Titled Tuesday Blitz September 27 Late 2022"]
[White "Runets, Ivan"]
[Black "Ansh M Shah"]
[WhiteFideId "13511564"]
[BlackFideId "25033379"]
[WhiteElo "1962"]
[BlackElo "1819"]
[Result "0-1"]
[Round "11"]
[TimeControl "180+1"]
[Date "2022.09.28"]
[WhiteClock "0:00:04"]
[BlackClock "0:00:33"]

1. d4 Nf6 2. c4 e6 3. Nc3 d5 4. Bg5 Be7 5. e3 O-O 6. Nf3 Nbd7 7. Qc2 c6 8. h3 h6 9. Bh4 a5 10. Bd3 dxc4 11. Bxc4 b5 12. Bd3 Bb7 13. Ne4 Nxe4 14. Bxe7 Qxe7 15. Bxe4 Nf6 16. Bd3 Rac8 17. Qe2 c5 18. Bxb5 Bxf3 19. Qxf3 cxd4 20. O-O dxe3 21. Qxe3 Qb4 22. Qe2 Rb8 23. a4 Nd5 24. Rfc1 Qe7 25. Rc4 Nb4 26. Rac1 Qf6 27. R4c3 Rbd8 28. Rf3 Qd4 29. Rc7 Qb6 30. Qc4 Rd1+ 31. Kh2 Qd6+ 32. g3 Rb1 33. Rd7 Qe5 34. Qc3 Qe4 35. Rd4 Qa8 36. Rg4 g6 37. Qf6 Kh7 38. Rxg6 fxg6 39. Qxf8 Qxf8 40. Rxf8 Rxb2 41. Kg2 Nd5 42. Rf7+ Kg8 43. Ra7 Nc3 44. Rxa5 Ne4 45. Kf3 Nxf2 46. h4 Nd1 47. Ra8+ Kf7 48. a5 Rxb5 49. a6 Ra5 50. Ke2 Nc3+ 51. Kd3 Nd5 52. Ra7+ Kf6 53. Kd4 Ra4+ 54. Kc5 Ke5 55. Kb5 Ra1 56. Rh7 h5 57. a7 Kf5 58. Kc6 Nf6 59. Rf7 e5 60. Kb7 e4 61. a8=Q Rxa8 62. Kxa8 e3 63. Kb7 e2 64. Re7 Ne4 65. Rf7+ Ke5 66. Re7+ Kd4 67. Rd7+ Ke3 0-1


[Site "https://www.chess.com"]